 Dungeon Crawl Stone Soup version 0.24-a0-479-g9a978d2894 (webtiles) character file.

Game seed: 16511017390694932735

611 Gargoyl the Skirmisher (level 7, -3/58 HPs)
             Began as a Centaur Abyssal Knight on July 6, 2019.
             Was a Priest of Lugonu.
             Engulfed by a cloud of flame (19 damage)
             ... on level 5 of the Dungeon.
             The game lasted 00:08:09 (4855 turns).

Gargoyl the Skirmisher (Centaur Abyssal Knight)     Turns: 4855, Time: 00:08:11

Health: -3/58      AC: 10    Str: 14    XL:     7   Next: 20%
Magic:  9/9        EV:  8    Int: 11    God:    Lugonu [***...]
Gold:   62         SH:  7    Dex: 11    Spells: 6/6 levels left

rFire    . . .     SeeInvis .   a - +2 hand axe
rCold    . . .     Gourm    .   d - +0 buckler
rNeg     . . .     Faith    .   j - +3 ring mail {MR+}
rPois    +         Spirit   .   (no helmet)
rElec    .         Reflect  +   (no cloak)
rCorr    .         Harm     .   u - +0 pair of gloves
MR       +....                  (no barding)
Stlth    ..........             o - +3 amulet of reflection
HPRegen  0.19/turn              b - ring of attention (curse)
MPRegen  0.11/turn              q - ring of poison resistance

@: very quick
A: large, hooves 3, deformed body, speed 2, tough skin 3
a: Depart the Abyss, Bend Space, Banish, Renounce Religion


You were on level 5 of the Dungeon.
You worshipped Lugonu.
Lugonu was most pleased with you.
You were very hungry.

You visited 1 branch of the dungeon, and saw 5 of its levels.
You visited the Abyss 1 time.

You collected 348 gold pieces.
You spent 286 gold pieces at shops.

Inventory:

Hand Weapons
 a - a +2 hand axe (weapon)
Armour
 d - a +0 buckler (worn)
 j - a +3 ring mail of magic resistance (worn)
 u - a +0 pair of gloves (worn)
Jewellery
 b - a cursed ring of attention (left hand)
 o - a +3 amulet of reflection (around neck)
 q - a ring of poison resistance (right hand)
Scrolls
 f - 4 scrolls of remove curse
 g - 3 scrolls of teleportation
 i - a scroll of fear
 k - 2 scrolls of identify
Potions
 m - a potion of brilliance
 n - a potion of might {unknown}
 p - a potion of lignification {unknown}
 r - a potion of cancellation {unknown}
 s - a potion of mutation {unknown}
 v - a potion of invisibility
 w - a potion of curing
Comestibles
 c - 12 rations


   Skills:
 + Level 3.9 Fighting
 + Level 3.3 Axes
 * Level 3.8 Armour
 + Level 1.6 Dodging
 * Level 1.6 Shields
 * Level 3.7 Invocations


You had 6 spell levels left.
You didn't know any spells.
Your spell library contained the following spells:

 Spells                   Type           Power        Failure   Level  Hunger
 Infusion                 Chrm           #...         63%         1    ##.....
 Magic Dart               Conj           #...         63%         1    ##.....
 Blink                    Tloc           N/A          77%         2    ###....
 Call Imp                 Summ           #.......     77%         2    ###....
 Poisonous Vapours        Pois/Air       #.....       77%         2    ###....
 Shroud of Golubria       Chrm/Tloc      #.....       77%         2    ###....
 Slow                     Hex            #.......     77%         2    ###....
 Song of Slaying          Chrm           #.......     77%         2    ###....
 Conjure Flame            Conj/Fire      #.......     94%         3    ####...
 Mephitic Cloud           Conj/Pois/Air  #.......     94%         3    ####...
 Regeneration             Chrm/Necr      #.........   94%         3    ####...
 Spectral Weapon          Hex/Chrm       #.......     94%         3    ####...
 Freezing Cloud           Conj/Ice/Air   #.........   100%        6    #######
 Ring of Flames           Chrm/Fire      #.........   100%        7    #######


Dungeon Overview and Level Annotations

Branches:
Dungeon (5/15)
 Temple: D:4-7

Altars:
Qazlal
Sif Muna
Wu Jian

Shops:
D:5 [

Annotations:
D:5 Prince Ribbit


Innate Abilities, Weirdness & Mutations

You have hooves in place of feet.
Armour fits poorly on your strangely shaped body.
You cover ground very quickly.
You have extremely tough skin. (AC +3)


Message History

Things that are here:
a +0 short sword; a kobold corpse
Aiming: Polymorph
Press: ? - help, Shift-Dir - straight line, f - giant cockroach
Aim: a giant cockroach (inner flame, chance to defeat MR: 63%)
The giant cockroach resists with significant effort.
The now-empty wand crumbles to dust.
You hit the giant cockroach but do no damage.
You kick the giant cockroach.
The giant cockroach is heavily wounded.
The giant cockroach bites you but does no damage.
You block the giant cockroach's attack.
You hit the giant cockroach.
The giant cockroach explodes!
The fiery explosion engulfs you!!!
Ouch! That really hurt!
* * * LOW HITPOINT WARNING * * *
Lugonu accepts your kill.
You are engulfed in blazing flames.
You die...

#.# ###.# #(# **,, #.# #...# #(#
**##,, #.# #.#.# #(# *..K,* #.#
#.#.# #.# *##.#*+* # #.###.#.#
#####(#*#...,,,, ###.......#
#)...(##..#*##*. .######.###
#.##.##..#*#.#..
..####...#########§#.)...#*#._.#.
..'.............@§§..K.(.##..⌠...
..####...#########§#...#.#..⌠s⌠..
.## #...## #.##..##.s...... ##
#.### #.###..####..##. # #.# #.#
#.##*,,,,#*, #.# #.# #.^,,,,,,,,,
#.# #.#*##.#,*,***,* #.#
#..,**..,,,* *,* #.#
***,****,*****,*


You could see a kobold.

Vanquished Creatures
  Sigmund (D:4)
  Duvessa (D:4)
  Dowan (D:4)
  A crimson imp (D:5)
  2 bullfrog skeletons
  2 worker ants (D:5)
  4 adders
  An ooze (D:2)
  5 leopard geckos
  15 orcs
  5 giant cockroaches
  4 goblins
  7 hobgoblins
  8 jackals (D:2)
  3 quokkas
  2 ball pythons
  6 bats
  4 frilled lizards
  7 kobolds
  A leopard gecko zombie (D:5)
  9 rats
89 creatures vanquished.

Vanquished Creatures (others)
  2 starspawn tentacles (Abyss:2)
2 creatures vanquished.

Grand Total: 91 creatures vanquished

Notes
Turn   | Place    | Note
-------+----------+-------------------------------------------
     0 | Abyss:1  | Gargoyl the Centaur Abyssal Knight began the quest for the
                  | Orb.
     0 | Abyss:1  | Reached XP level 1. HP: 19/19 MP: 2/2
     4 | Abyss:2  | Found a corrupted altar of Lugonu.
    73 | Abyss:2  | Noticed a small abomination
    79 | Abyss:2  | Noticed an air elemental
    97 | Abyss:2  | Noticed a ynoxinul
   105 | Abyss:2  | Noticed a small abomination
   108 | Abyss:2  | Noticed an ancient zyme
   132 | Abyss:2  | Noticed a starcursed mass
   132 | Abyss:2  | Noticed a tentacled starspawn
   138 | D:1      | Escaped the Abyss
   824 | D:1      | Reached * piety under Lugonu
   985 | D:1      | Reached XP level 2. HP: 26/26 MP: 3/3
  1422 | D:2      | Reached XP level 3. HP: 25/31 MP: 4/4
  1939 | D:2      | Reached XP level 4. HP: 31/38 MP: 5/5
  1943 | D:2      | Reached ** piety under Lugonu
  2066 | D:2      | Found a deep blue altar of Sif Muna.
  2636 | D:3      | Found a stormy altar of Qazlal.
  2801 | D:3      | Reached skill level 1 in Dodging
  3066 | D:4      | Reached XP level 5. HP: 37/45 MP: 7/7
  3147 | D:4      | Noticed Sigmund
  3175 | D:4      | Reached *** piety under Lugonu
  3181 | D:4      | Killed Sigmund
  3181 | D:4      | Reached skill level 1 in Shields
  3181 | D:4      | Reached XP level 6. HP: 17/52 MP: 8/8
  3491 | D:4      | Noticed Dowan
  3491 | D:4      | Noticed Duvessa
  4087 | D:4      | Killed Duvessa
  4096 | D:4      | Killed Dowan
  4387 | D:5      | Entered Level 5 of the Dungeon
  4430 | D:5      | Reached XP level 7. HP: 53/58 MP: 9/9
  4465 | D:5      | Noticed Prince Ribbit
  4717 | D:5      | Found Naklaod's Armour Boutique.
  4728 | D:5      | Bought a +3 ring mail of magic resistance for 286 gold
                  | pieces
  4836 | D:5      | Found an ornate altar of the Wu Jian Council.
  4855 | D:5      | Engulfed by a cloud of flame

Levels and vault maps discovered:
D:1:      saegor_arrival_simple_d, layout_basic, kennysheep_pointless_box,
          solitary_fountain
D:2:      layout_rooms, led_sif_pool, moated_statue, minivault_19,
          grunt_ministairs_6
D:3:      layout_loops_cross, marbit_many_paths, first_ration
D:4:      layout_cave_pools, uniq_duvessa, uniq_sigmund
D:5:      layout_loops_corners, ebering_ghost_reflecting_pool, serial_shops,
          shop, minmay_ruined_shrine, uniq_prince_ribbit1

Skill      XL: |  1  2  3  4  5  6 |
---------------+-------------------+-----
Armour         | 2 3 |  3.8
Axes           | 2 3 |  3.3
Dodging        | 1 |  1.6
Shields        | 1 |  1.6
Invocations    | 3 |  3.7
Fighting       | |  3.9

Action                   |  1- 3 |  4- 6 |  7- 9 || total
-------------------------+-------+-------+-------++-------
Melee: Hand axe          |    92 |   156 |    30 ||   278
       Kick              |    11 |    30 |    10 ||    51
       Unarmed           |       |    13 |       ||    13
Invok: Depart the Abyss  |     1 |       |       ||     1
Evoke: Wand              |       |       |     1 ||     1
  Use: Potion            |     2 |     5 |     2 ||     9
       Scroll            |     5 |     7 |     3 ||    15
 Stab: Confused          |       |     1 |       ||     1
  Eat: Chunk             |     2 |     7 |       ||     9
Armor: Ring mail         |    56 |    82 |    14 ||   152
       Skin              |       |     1 |       ||     1
Dodge: Dodged            |    49 |    61 |     9 ||   119
Block: Buckler           |    11 |    57 |     4 ||    72
       Reflection        |       |     1 |       ||     1
       Other             |       |     2 |       ||     2

Table legend:
 A = Non-vault XP
 B = Vault XP
 C = Vault XP percentage of total XP
 D = Non-vault monster count
 E = Vault monster count
 F = Vault count percentage of total count
                 A         B        C        D         E       F
            +---------+---------+-------+---------+---------+-------
      Total |     399 |     474 |  54.3 |      82 |       7 |   7.9
            +---------+---------+-------+---------+---------+-------
        D:1 |      17 |       0 |   0.0 |       9 |       0 |   0.0
        D:2 |      91 |       1 |   1.1 |      28 |       1 |   3.4
        D:3 |      69 |       1 |   1.4 |      29 |       1 |   3.3
        D:4 |      63 |     469 |  88.2 |      10 |       3 |  23.1
        D:5 |     159 |       3 |   1.9 |       6 |       2 |  25.0
            +---------+---------+-------+---------+---------+-------
